| TOP OF THE 1ST |
|
Portland Beavers batting - Pitching for Salt Lake City Bees : RHP Lew Lerner
|
|
Pitching: RHP Lew Lerner
|
|
|
Batting: RHB Fred Manrique
|
0-0: Foul Ball, location: 2F 0-1: Foul Ball, location: 2F 0-2: Ball 1-2: Ball 2-2: Fly out, F8 (Flyball, 8RS, EV 74.4 MPH)
|
|
Batting: RHB Mark Wasinger
|
0-0: Called Strike 0-1: Called Strike 0-2: Ball 1-2: Ground out 5-3 (Groundball, 56, EV 96.9 MPH)
|
|
Batting: LHB Andre David
|
0-0: Ball 1-0: SINGLE (Line Drive, 89M, EV 112.5 MPH)
|
|
Batting: LHB Mike Gates
|
0-0: Swinging Strike 0-1: Called Strike 0-2: Ball 1-2: Foul Ball, location: 2F 1-2: Foul Ball, location: 2F 1-2: SINGLE (Line Drive, 56, EV 98.8 MPH) Andre David to second Runner from 2nd tries for 3rd, SAFE, throw by LF made to third
|
|
Batting: RHB Robert Ferris
|
0-0: Called Strike 0-1: Ball 1-1: Foul Ball, location: 2F 1-2: Ball 2-2: Ball 3-2: Base on Balls Mike Gates to second
|
|
Batting: LHB Pat Sheridan
|
0-0: Swinging Strike 0-1: Foul Ball, location: 2F 0-2: Foul Ball, location: 2F 0-2: Strikes out swinging
|
| Top of the 1st over - 0 runs, 2 hits, 0 errors, 3 left on base; Portland 0 - Salt Lake City 0 |
| BOTTOM OF THE 1ST |
|
Salt Lake City Bees batting - Pitching for Portland Beavers : LHP Mike Mason
|
|
Pitching: LHP Mike Mason
|
|
|
Batting: RHB Stephen Vaughan
|
0-0: Ball 1-0: SINGLE (Groundball, 15S, EV 70.6 MPH) (infield hit)
|
|
Batting: RHB Jamie Nelson
|
0-0: Ball 1-0: Called Strike 1-1: SINGLE (Flyball, 9S, EV 93.1 MPH) Stephen Vaughan to second Runner from 2nd tries for 3rd, SAFE, no throw by RF
|
|
Batting: LHB Eric Attaway
|
0-0: Ball Wild Pitch! Stephen Vaughan scores Jamie Nelson to second 1-0: Ball 2-0: Foul Ball, location: 2F 2-1: Ball 3-1: Called Strike 3-2: Ground out 4-3 (Groundball, 4, EV 86.9 MPH) Jamie Nelson to third
|
|
Batting: LHB Thomas Dorsey
|
0-0: Fly out, F9 (Line Drive, 8RM, EV 93.1 MPH) Runner from 3rd tags up, SCORES, no throw by RF
|
|
Batting: RHB William Cole
|
0-0: Called Strike 0-1: Ground out 5-3 (Groundball, 5, EV 81.3 MPH)
|
| Bottom of the 1st over - 2 runs, 2 hits, 0 errors, 0 left on base; Portland 0 - Salt Lake City 2 |
| TOP OF THE 2ND |
|
Portland Beavers batting - Pitching for Salt Lake City Bees : RHP Lew Lerner
|
|
Batting: RHB Pepe Mangual
|
0-0: Foul Ball, location: 2F 0-1: Ball 1-1: Ball 2-1: Called Strike 2-2: Foul Ball, location: 2F 2-2: Strikes out swinging
|
|
Batting: RHB Ken Dowell
|
0-0: Foul Ball, location: 2F 0-1: Ball 1-1: Foul Ball, location: 2F 1-2: Fly out, F9 (Flyball, 9LD, EV 104.4 MPH)
|
|
Batting: RHB Larry Owen
|
0-0: Ball 1-0: Called Strike 1-1: Ball 2-1: SINGLE (Groundball, 6MD, EV 103.1 MPH)
|
|
Batting: RHB Fred Manrique
|
0-0: Ball 1-0: Ball 2-0: Ball 3-0: Called Strike 3-1: Ground out 5-3 (Groundball, 56S, EV 88.8 MPH)
|
| Top of the 2nd over - 0 runs, 1 hit, 0 errors, 1 left on base; Portland 0 - Salt Lake City 2 |
| BOTTOM OF THE 2ND |
|
Salt Lake City Bees batting - Pitching for Portland Beavers : LHP Mike Mason
|
|
Batting: RHB Dick C Schofield
|
0-0: Bunt missed! 0-1: Called Strike 0-2: Ground out 6-3 (Groundball, 6, EV 91.3 MPH)
|
|
Batting: LHB Manny Leal
|
0-0: Ball 1-0: Called Strike 1-1: Foul Ball, location: 2F 1-2: Ball 2-2: Foul Ball, location: 2F 2-2: Ball 3-2: Foul Ball, location: 2F 3-2: Base on Balls
|
|
Batting: RHB Darnell Coles
|
0-0: Called Strike 0-1: Called Strike 0-2: Ball 1-2: Ball 2-2: Strikes out swinging
|
|
Batting: RHB Reid Nichols
|
0-0: Ball 1-0: Ball 2-0: Foul Ball, location: 2F 2-1: Reached on error, E6 (Groundball, 56, EV 105.0 MPH) Manny Leal to second
|
|
Batting: RHB Stephen Vaughan
|
0-0: Ball 1-0: Ball 2-0: Fly out, F5 (Line Drive, 5, EV 62.5 MPH)
|
| Bottom of the 2nd over - 0 runs, 0 hits, 1 error, 2 left on base; Portland 0 - Salt Lake City 2 |
| TOP OF THE 3RD |
|
Portland Beavers batting - Pitching for Salt Lake City Bees : RHP Lew Lerner
|
|
Batting: RHB Mark Wasinger
|
0-0: Ball 1-0: Called Strike 1-1: Called Strike 1-2: Fly out, F9 (Flyball, 9LS, EV 75.6 MPH)
|
|
Batting: LHB Andre David
|
0-0: Fly out, F4 (Line Drive, 4, EV 68.1 MPH)
|
|
Batting: LHB Mike Gates
|
0-0: SINGLE (Groundball, 4D, EV 105.0 MPH)
|
|
Batting: RHB Robert Ferris
|
0-0: Called Strike 0-1: Ball Mike Gates is caught stealing 2nd base 2-4
|
| Top of the 3rd over - 0 runs, 1 hit, 0 errors, 0 left on base; Portland 0 - Salt Lake City 2 |
| BOTTOM OF THE 3RD |
|
Salt Lake City Bees batting - Pitching for Portland Beavers : LHP Mike Mason
|
|
Batting: RHB Jamie Nelson
|
0-0: Swinging Strike 0-1: Fly out, F9 (Flyball, 9LS, EV 83.1 MPH)
|
|
Batting: LHB Eric Attaway
|
0-0: Foul Ball, location: 2F 0-1: Called Strike 0-2: Ground out 5-3 (Groundball, 56, EV 93.1 MPH)
|
|
Batting: LHB Thomas Dorsey
|
0-0: Ball 1-0: SINGLE (Groundball, 34S, EV 63.8 MPH) (infield hit)
|
|
Batting: RHB William Cole
|
0-0: Ball 1-0: Ball 2-0: Swinging Strike 2-1: Ball 3-1: Called Strike 3-2: Foul Ball, location: 2F 3-2: Base on Balls Thomas Dorsey to second
|
|
Batting: RHB Dick C Schofield
|
0-0: Called Strike 0-1: Swinging Strike 0-2: Foul Ball, location: 2F 0-2: Ball 1-2: Foul Ball, location: 2F 1-2: Strikes out looking
|
| Bottom of the 3rd over - 0 runs, 1 hit, 0 errors, 2 left on base; Portland 0 - Salt Lake City 2 |
| TOP OF THE 4TH |
|
Portland Beavers batting - Pitching for Salt Lake City Bees : RHP Lew Lerner
|
|
Batting: RHB Robert Ferris
|
0-0: Called Strike 0-1: Ball 1-1: Fly out, F8 (Flyball, 89S, EV 89.4 MPH)
|
|
Batting: LHB Pat Sheridan
|
0-0: Called Strike 0-1: Fly out, F8 (Flyball, 8LD, EV 101.3 MPH)
|
|
Batting: RHB Pepe Mangual
|
0-0: Called Strike 0-1: SINGLE (Line Drive, 7S, EV 95.6 MPH)
|
|
Batting: RHB Ken Dowell
|
0-0: Ball 1-0: Called Strike 1-1: Swinging Strike 1-2: Strikes out swinging
|
| Top of the 4th over - 0 runs, 1 hit, 0 errors, 1 left on base; Portland 0 - Salt Lake City 2 |
| BOTTOM OF THE 4TH |
|
Salt Lake City Bees batting - Pitching for Portland Beavers : LHP Mike Mason
|
|
Batting: LHB Manny Leal
|
0-0: Swinging Strike 0-1: Ball 1-1: Fly out, F8 (Flyball, 8LXD, EV 105.6 MPH)
|
|
Batting: RHB Darnell Coles
|
0-0: Called Strike 0-1: Ball 1-1: Swinging Strike 1-2: Ball 2-2: Ball 3-2: Base on Balls
|
|
Batting: RHB Reid Nichols
|
0-0: SINGLE (Line Drive, 6D, EV 103.8 MPH) Darnell Coles to second
|
|
Batting: RHB Stephen Vaughan
|
0-0: Ball 1-0: Called Strike 1-1: Ball 2-1: Called Strike 2-2: Ball 3-2: Grounds into double play, 6-4-3 (Groundball, 6, EV 88.1 MPH)
|
| Bottom of the 4th over - 0 runs, 1 hit, 0 errors, 1 left on base; Portland 0 - Salt Lake City 2 |
| TOP OF THE 5TH |
|
Portland Beavers batting - Pitching for Salt Lake City Bees : RHP Lew Lerner
|
|
Batting: RHB Larry Owen
|
0-0: Called Strike 0-1: Ball 1-1: Fly out, F8 (Flyball, 8RM, EV 93.8 MPH)
|
|
Batting: RHB Fred Manrique
|
0-0: Ball 1-0: Called Strike 1-1: Ball 2-1: Ball 3-1: Base on Balls
|
|
Batting: RHB Mark Wasinger
|
0-0: Ball 1-0: Foul Ball, location: 2F 1-1: Foul Ball, location: 2F 1-2: Fly out, F7 (Flyball, 7LM, EV 83.8 MPH)
|
|
Batting: LHB Andre David
|
0-0: Ground out 6-3 (Groundball, 4MS, EV 80.6 MPH)
|
| Top of the 5th over - 0 runs, 0 hits, 0 errors, 1 left on base; Portland 0 - Salt Lake City 2 |
| BOTTOM OF THE 5TH |
|
Salt Lake City Bees batting - Pitching for Portland Beavers : LHP Mike Mason
|
|
Batting: RHB Jamie Nelson
|
0-0: Called Strike 0-1: Called Strike 0-2: Ground out 5-3 (Groundball, 56, EV 100.0 MPH)
|
|
Batting: LHB Eric Attaway
|
0-0: Ball 1-0: Foul Ball, location: 2F 1-1: Ground out 4-3 (Groundball, 4, EV 101.3 MPH)
|
|
Batting: LHB Thomas Dorsey
|
0-0: Ball 1-0: DOUBLE (Line Drive, 89XD, EV 100.6 MPH)
|
|
Batting: RHB William Cole
|
0-0: Swinging Strike 0-1: Ball 1-1: Fly out, F7 (Flyball, 7D, EV 87.5 MPH)
|
| Bottom of the 5th over - 0 runs, 1 hit, 0 errors, 1 left on base; Portland 0 - Salt Lake City 2 |
| TOP OF THE 6TH |
|
Portland Beavers batting - Pitching for Salt Lake City Bees : RHP Lew Lerner
|
|
Batting: LHB Mike Gates
|
0-0: Ball 1-0: SINGLE (Line Drive, 9S, EV 108.1 MPH)
|
|
Batting: RHB Robert Ferris
|
0-0: Ball Mike Gates steals 2nd, throwing error, E2 Mike Gates to third 1-0: Swinging Strike 1-1: SINGLE (Groundball, 4M, EV 96.9 MPH) Mike Gates scores
|
|
Batting: LHB Pat Sheridan
|
0-0: Ball 1-0: Bunt missed! 1-1: Bunt missed! 1-2: Ball 2-2: Strikes out swinging
|
|
Batting: RHB Pepe Mangual
|
0-0: Swinging Strike 0-1: Ball 1-1: Called Strike 1-2: Ball 2-2: Ball 3-2: Strikes out swinging
|
|
Batting: RHB Ken Dowell
|
0-0: Called Strike 0-1: Called Strike 0-2: Ball 1-2: Ball 2-2: Ground out U3 (Groundball, 3S, EV 81.9 MPH)
|
| Top of the 6th over - 1 run, 2 hits, 1 error, 1 left on base; Portland 1 - Salt Lake City 2 |
| BOTTOM OF THE 6TH |
|
Salt Lake City Bees batting - Pitching for Portland Beavers : LHP Mike Mason
|
|
Batting: RHB Dick C Schofield
|
0-0: Ball 1-0: Ball 2-0: SINGLE (Groundball, 6MD, EV 101.3 MPH)
|
|
Batting: LHB Manny Leal
|
0-0: Ball 1-0: Ball 2-0: Sac Bunt to 2R - play at first, batter OUT! 2-4 Dick C Schofield to second
|
|
Batting: RHB Darnell Coles
|
0-0: Called Strike 0-1: Fly out, F7 (Line Drive, 7D, EV 99.4 MPH)
|
|
Batting: RHB Reid Nichols
|
0-0: Ball 1-0: Ground out 4-3 (Groundball, 34, EV 106.3 MPH)
|
| Bottom of the 6th over - 0 runs, 1 hit, 0 errors, 1 left on base; Portland 1 - Salt Lake City 2 |
| TOP OF THE 7TH |
|
Portland Beavers batting - Pitching for Salt Lake City Bees : RHP Lew Lerner
|
|
Batting: RHB Larry Owen
|
0-0: Ball 1-0: Fly out, F8 (Line Drive, 8LD, EV 91.9 MPH)
|
|
Batting: RHB Fred Manrique
|
0-0: Ball 1-0: Foul Ball, location: 2F 1-1: Reached on error, E5 (Groundball, 5, EV 88.8 MPH)
|
|
Batting: RHB Mark Wasinger
|
0-0: Ball 1-0: Called Strike 1-1: Ball 2-1: Foul Ball, location: 2F 2-2: Grounds into double play, 5-4-3 (Groundball, 56, EV 85.0 MPH)
|
| Top of the 7th over - 0 runs, 0 hits, 1 error, 0 left on base; Portland 1 - Salt Lake City 2 |
| BOTTOM OF THE 7TH |
|
Salt Lake City Bees batting - Pitching for Portland Beavers : LHP Mike Mason
|
|
Batting: RHB Stephen Vaughan
|
0-0: Called Strike 0-1: Foul Ball, location: 2F 0-2: Ball 1-2: Ball 2-2: Foul Ball, location: 2F 2-2: SINGLE (Line Drive, 3D, EV 101.3 MPH)
|
|
Batting: RHB Jamie Nelson
|
0-0: Called Strike 0-1: Ball 1-1: Foul Ball, location: 2F 1-2: Strikes out swinging
|
|
Batting: LHB Eric Attaway
|
0-0: Swinging Strike 0-1: Foul Ball, location: 2F 0-2: Foul Ball, location: 2F 0-2: SINGLE (Flyball, 9S, EV 90.0 MPH) Stephen Vaughan to second Runner from 2nd tries for 3rd, SAFE, throw by RF made to third
|
|
Batting: LHB Thomas Dorsey
|
0-0: Foul Ball, location: 2F 0-1: Called Strike 0-2: Strikes out swinging
|
|
Batting: RHB William Cole
|
0-0: Ball 1-0: Foul Ball, location: 2F 1-1: Fly out, F6 (Popup, 4MD, EV 66.9 MPH)
|
| Bottom of the 7th over - 0 runs, 2 hits, 0 errors, 2 left on base; Portland 1 - Salt Lake City 2 |
| TOP OF THE 8TH |
|
Portland Beavers batting - Pitching for Salt Lake City Bees : RHP Lew Lerner
|
|
Batting: LHB Andre David
|
0-0: Ball 1-0: Swinging Strike 1-1: Ball 2-1: Ground out 6-3 (Groundball, 6, EV 109.4 MPH)
|
|
Batting: LHB Mike Gates
|
0-0: Ball 1-0: Ball 2-0: Called Strike 2-1: Reaches on Catchers interference
|
|
Batting: RHB Robert Ferris
|
0-0: Ball 1-0: Grounds into double play, 6-4-3 (Groundball, 6, EV 90.0 MPH)
|
| Top of the 8th over - 0 runs, 0 hits, 1 error, 0 left on base; Portland 1 - Salt Lake City 2 |
| BOTTOM OF THE 8TH |
|
Salt Lake City Bees batting - Pitching for Portland Beavers : LHP Mike Mason
|
|
Batting: RHB Dick C Schofield
|
0-0: Ball 1-0: Called Strike 1-1: Reached on error, E5 (Groundball, 56, EV 103.1 MPH)
|
|
Batting: LHB Manny Leal
|
0-0: Bunt missed! 0-1: Ball Dick C Schofield is caught stealing 2nd base 2-6 1-1: Ball 2-1: Foul Ball, location: 2F 2-2: Ball 3-2: SINGLE (Groundball, 4MD, EV 95.6 MPH)
|
|
Pitching: LHP Bob Owchinko
|
|
|
Batting: RHB Darnell Coles
|
0-0: Ball 1-0: Ground out 5-3 (Groundball, 56, EV 87.5 MPH) Manny Leal to second
|
|
Batting: RHB Reid Nichols
|
0-0: Ground out 6-3 (Groundball, 56, EV 89.4 MPH)
|
| Bottom of the 8th over - 0 runs, 1 hit, 1 error, 1 left on base; Portland 1 - Salt Lake City 2 |
| TOP OF THE 9TH |
|
Portland Beavers batting - Pitching for Salt Lake City Bees : RHP Lew Lerner
|
|
Batting: LHB Pat Sheridan
|
0-0: Ground out 3-1 (Groundball, 23, EV 90.0 MPH)
|
|
Batting: RHB Pepe Mangual
|
0-0: Ball 1-0: Called Strike 1-1: Ball 2-1: Foul Ball, location: 2F 2-2: Strikes out looking
|
|
Batting: SHB Esteban Mendez
|
0-0: Ball 1-0: Fly out, F8 (Flyball, 8RS, EV 86.9 MPH)
|
| Top of the 9th over - 0 runs, 0 hits, 0 errors, 0 left on base; Portland 1 - Salt Lake City 2 |
|